Map: Galactic Process LE

Players

Fropez - Winner!

  • Race: Protoss Protoss
  • League: Gold
  • Spawn Location: 1:00

Unknown

  • Race: Zerg Zerg
  • League: Silver
  • Spawn Location: 7:00

VOD

Have the link to the VOD?

Description

Time

  • Played on: Sept. 23, 2016, 10:29 a.m.
  • Length: 7:40
Show
View Real Time Build Order
Export as new Build Order

Fropez Protoss - Winner!

Build Orders:  

Get SALT Encoding   

  12  0:01  Probe (Chrono Boost)  
  13  0:14  Pylon  
  13  0:17  Probe (Chrono Boost)  
  14  0:28  Probe (Chrono Boost)  
  15  0:34  Gateway  
  15  0:39  Probe (Chrono Boost)  
  16  0:45  Assimilator  
  16  0:49  Probe (Chrono Boost)  
  17  1:00  Probe (Chrono Boost)  
  17  1:04  Pylon  
  18  1:10  Probe (Chrono Boost)  
  19  1:21  Probe (Chrono Boost), Cybernetics Core  
  20  1:31  Pylon, Probe (Chrono Boost)  
  21  1:38  Assimilator  
  21  2:03  Probe (Chrono Boost)  
  21  2:04  Warp Gate  
  21  2:14  Nexus, Mothership Core (Chrono Boost)  
  21  2:31  Assimilator  
  21  2:32  Probe (Chrono Boost)  
  21  2:35  Adept  
  24  2:42  Probe (Chrono Boost)  
  25  2:54  Pylon  
  25  3:01  Gateway  
  25  3:06  Gateway  
  25  3:13  Stalker (Chrono Boost)  
  27  3:30  Probe x2  
  27  3:40  Probe  
  27  3:43  Probe  
  29  3:53  Probe  
  30  3:57  Gateway  
  30  3:59  Probe, Robotics Facility  
  31  4:03  Probe  
  32  4:16  Pylon  
  32  4:21  Probe  
  32  4:22  Probe  
  32  4:23  Pylon  
  34  4:28  Adept x2  
  38  4:31  Probe  
  38  4:37  Probe  
  40  4:42  Probe  
  42  4:48  Warp Prism (Chrono Boost)  
  42  4:49  Probe  
  42  4:52  Probe  
  44  5:02  Probe  
  44  5:07  Probe  
  45  5:09  Twilight Council  
  45  5:11  Adept  
  45  5:12  Adept  
  50  5:18  Probe  
  50  5:20  Adept x2  
  53  5:36  Probe  
  53  5:38  Probe  
  53  5:42  Adept x2  
  59  5:43  Assimilator  
  59  5:45  Assimilator  
  59  5:52  Probe  
  60  5:58  Resonating Glaives (Chrono Boost)  
  60  6:02  Probe  
  61  6:07  Pylon  
  61  6:10  Adept x2  
  61  6:11  Adept x2  
  65  6:31  Pylon  
  63  6:40  Gateway  
  63  6:43  Observer  
  64  6:48  Adept x4, Gateway  
  64  6:49  Gateway  
  72  7:11  Adept  
  72  7:12  Adept x3  
Show
View Real Time Build Order
Export as new Build Order

Unknown Zerg 

Build Orders: Pool First, Muta Ling Bane 

Get SALT Encoding   

  12  0:02  Drone  
  13  0:26  Spawning Pool, Drone  
  13  0:41  Drone  
  13  0:42  Overlord  
  14  0:47  Extractor  
  14  0:48  Drone  
  14  1:06  Drone x2  
  16  1:14  Zergling x2  
  16  1:16  Queen  
  19  1:28  Zergling x2  
  20  1:44  Extractor  
  20  1:46  Drone  
  20  1:55  Metabolic Boost  
  20  2:16  Zergling x2  
  20  2:17  Zergling x2  
  20  2:20  Overlord  
  22  2:29  Zergling x2  
  21  3:02  Lair  
  21  3:06  Hatchery  
  21  3:09  Zergling x4  
  21  3:10  Zergling x2  
  23  3:20  Zergling x2  
  21  3:42  Zergling x8  
  25  4:09  Roach Warren  
  24  4:12  Baneling Nest  
  23  4:17  Spire  
  23  4:18  Drone x2  
  23  4:19  Drone  
  25  4:36  Hatchery  
  24  4:43  Zergling x6  
  27  5:10  Drone  
  27  5:11  Overlord x2  
  26  5:35  Zergling x4  
  19  5:36  Zergling x8  
  24  5:48  Centrifical Hooks  
  24  5:53  Drone  
  25  5:58  Baneling x3  
  25  6:08  Drone x2  
  22  6:29  Zergling x10  
  26  6:58  Zergling x10  
  26  6:59  Zergling x2  
  23  7:09  Mutalisk x2  
  25  7:22  Zergling x4  
  22  7:23  Zergling x2  
Tags
 
Composition
Muta Ling Bane
Matchup
PvZ
Opening
Pool First
Replay Pack
All Mines
Spawn Locations
Cross Positions
Add a new tag
Caveats
  • Supply blocks, unpowered buildings, or Contaminate may cause inaccurate times.
  • Supply counts are checked every 10 seconds.